 Dungeon Crawl Stone Soup version 0.20-a0-261-gcb1eca7 (webtiles) character file.

11049 Ladykiller69 the Carver (level 11, -3/89 HPs)
             Began as a Minotaur Gladiator on Dec 3, 2016.
             Was a High Priest of Okawaru.
             Slain by a sixfirhy (9 damage)
             ... summoned by an orc high priest
             ... on level 1 of the Orcish Mines.
             The game lasted 01:03:40 (8423 turns).

Ladykiller69 the Carver (Minotaur Gladiator)        Turns: 8423, Time: 01:03:40

Health: -3/89      AC: 18    Str: 25    XL:     11   Next: 44%
Magic:  10/10      EV: 12    Int:  5    God:    Okawaru [*****.]
Gold:   572        SH:  0    Dex: 14    Spells: 10/10 levels left

rFire  . . .     SeeInvis .     E - +3 falchion (slice)
rCold  + . .     Gourm    +     x - +0 plate armour
rNeg   . . .     Faith    .     (no shield)
rPois  .         Spirit   .     c - +0 hat
rElec  .         Reflect  .     (no cloak)
rCorr  .         Harm     .     i - +2 pair of gloves
MR     .....                    (no boots)
Stlth  ..........               y - amulet of the gourmand
                                d - +5 ring of strength
                                v - ring of protection from cold

@: no status effects
A: retaliatory headbutt, horns 2
a: Heroism, Finesse, Renounce Religion


You were on level 1 of the Orcish Mines.
You worshipped Okawaru.
Okawaru was extremely pleased with you.
You were completely stuffed.

You visited 2 branches of the dungeon, and saw 13 of its levels.
You also visited: Ossuary.

You collected 572 gold pieces.

Inventory:

Hand Weapons
 E - a +3 falchion of slicing (weapon)
 P - a +0 rapier
 Y - a +0 longbow
Missiles
 e - 137 arrows
 k - 82 bolts
 n - 238 stones
 K - 15 tomahawks (quivered)
 Q - 8 javelins
 Z - 4 throwing nets
Armour
 c - a +0 hat (worn)
 i - a +2 pair of gloves (worn)
 x - a +0 plate armour (worn)
 S - a +0 troll leather armour
Rods
 L - a +2 rod of shadows (12/12)
   (You found it on level 5 of the Dungeon)
Jewellery
 d - a +5 ring of strength (right hand)
 v - a ring of protection from cold (left hand)
 y - an amulet of the gourmand (around neck)
 O - an uncursed ring of fire
Wands
 a - a wand of disintegration (11/24)
 r - a wand of polymorph (5/24)
 R - a wand of slowing (7/48)
 W - a wand of acid (0/15)
 X - a wand of polymorph (15/24)
Scrolls
 b - a scroll of silence {unknown}
 g - 2 scrolls of amnesia
 h - a scroll of identify
 j - a scroll of fog
 m - a scroll of noise
 q - 3 scrolls of remove curse
 z - 3 scrolls of recharging
 A - 3 scrolls of enchant weapon
 B - 2 scrolls of fear
 D - a scroll of teleportation
 G - 3 scrolls of enchant armour
 N - 2 scrolls of magic mapping
 T - 2 scrolls of immolation {unknown}
 V - 2 scrolls of blinking
Potions
 l - a potion of magic
 o - 4 potions of curing
 p - 2 potions of haste
 u - 2 potions of brilliance
 C - a potion of ambrosia
 H - a potion of lignification
 M - a potion of cancellation
 U - a potion of invisibility
Books
 s - a book of Misfortune

   Spells                             Type                      Level
   a - Confusing Touch                Hexes                        1
   b - Confuse                        Hexes                        3
   c - Gell's Gravitas                Hexes/Translocation          3
   d - Petrify                        Transmutation/Earth          4
   e - Metabolic Englaciation         Hexes/Ice                    5
   f - Yara's Violent Unravelling     Hexes/Transmutation          5
Comestibles
 f - 10 bread rations
 t - 6 meat rations
 w - 2 slices of pizza
 F - 4 fruits
 J - 2 beef jerkies


   Skills:
 - Level 6.0 Fighting
 * Level 14.7 Long Blades
 - Level 2.0 Throwing
 + Level 10.3 Armour
 + Level 10.1 Dodging


You had 10 spell levels left.
You didn't know any spells.

Dungeon Overview and Level Annotations

Branches:
Dungeon (12/15)            Temple (0/1) D:7             Orc (1/2) D:9
   Lair: D:8-11

Altars:
Cheibriados
Elyvilon
Fedhas
Gozag
Hepliaklqana
Kikubaaqudgha
Makhleb
Nemelex Xobeh
Okawaru
Ru
Sif Muna
Trog
Uskayaw
Yredelemnul

Shops:
D:6 [((!   D:7 :   D:8 :}*:*


Innate Abilities, Weirdness & Mutations

You reflexively headbutt those who attack you in melee.
You have a pair of horns on your head.


Message History

The orc warrior hits you with a mace.
* * * LOW HITPOINT WARNING * * *
An orc warrior comes into view. It is wielding a halberd.
The orc high priest mumbles some strange prayers to Beogh.
The sixfirhy hits you.
* * * LOW HITPOINT WARNING * * *
The sixfirhy shocks you!
* * * LOW HITPOINT WARNING * * *
The sixfirhy hits you but does no damage.
The sixfirhy closely misses you.
You riposte.
You miss the sixfirhy. Your headbutt misses the sixfirhy.
The sixfirhy misses you. You furiously retaliate!
You headbutt the sixfirhy!
You see here an enchanted short sword.
Things that are here:
a mace; a scale mail You see here a short sword.
The sixfirhy barely misses you. The sixfirhy hits you.
* * * LOW HITPOINT WARNING * * *
The sixfirhy shocks you!
You die...

... ##### .... #.#.####
.... ###...##.## # ....
##....##...#
#.#.#..##.........##
..#...#..........#
#$..#..)........###
#..#..)3@.)..%<..## .
#.)[.o###.#......# ##.
##...).##.......##
#.... ##..).......#.##
.....# #.........####
......###)#4......#
.#.....#.#.......#####
..................##.##
......##....$.........#


You could see a sixfirhy and an orc warrior.

Vanquished Creatures
  A hill giant (D:10)
  An ugly thing (D:11)
  A gargoyle (D:12)
  3 trolls
  2 two-headed ogres
  2 slime creatures (D:12)
  5 hippogriffs
  Sigmund (D:6)
  A spriggan (D:10)
  A wraith (D:10)
  A shadow (D:11)
  2 wyverns
  10 yaks
  A warg (Orc:1)
  Edmund (D:6)
  A porcupine (D:11)
  A sky beast (D:9)
  8 orc warriors
  4 black bears
  2 phantoms
  2 ice beasts
  2 necrophages (D:8)
  5 ogres
  A centaur (D:8)
  A crocodile (D:10)
  4 bullfrogs (D:11)
  An elf zombie (Ossuary)
  A gnoll sergeant (Orc:1)
  A scorpion (D:10)
  3 wights (D:8)
  4 howler monkeys (D:11)
  3 crimson imps
  9 orc priests
  7 hounds
  3 human zombies (Ossuary)
  A centaur skeleton (D:10)
  3 jellies
  13 orc wizards
  3 iguanas
  7 worker ants
  A killer bee zombie (D:7)
  2 big kobold zombies (Ossuary)
  4 hound zombies (Ossuary)
  2 hound skeletons
  3 mummies (Ossuary)
  2 worker ant zombies
  5 gnolls (Orc:1)
  A howler monkey skeleton (D:5)
  14 adders
  A shadow imp (D:5)
  An ooze (D:5)
  An adder zombie (Ossuary)
  3 adder skeletons
  3 worms
  3 dart slugs
  5 leopard geckos
  42 orcs
  13 bats
  8 giant cockroaches
  6 hobgoblins
  6 jackals
  7 kobolds
  6 quokkas
  2 ball pythons
  4 frilled lizards
  A gnoll zombie (Ossuary)
  11 goblins
  4 goblin zombies (Ossuary)
  3 hobgoblin zombies (Ossuary)
  A jackal skeleton (D:4)
  2 jackal zombies (Ossuary)
  4 kobold zombies (Ossuary)
  6 quokka zombies (Ossuary)
  6 rats
  4 rat zombies (Ossuary)
310 creatures vanquished.

Vanquished Creatures (others)
  11 fungi (D:11)
  2 plants (D:11)
13 creatures vanquished.

Grand Total: 323 creatures vanquished

Notes
Turn   | Place    | Note
-------+----------+-------------------------------------------
     0 | D:1      | Ladykiller69 the Minotaur Gladiator began the quest for the Orb.
     0 | D:1      | Reached XP level 1. HP: 18/18 MP: 0/0
    46 | D:1      | Reached skill level 1 in Armour
    47 | D:1      | Reached XP level 2. HP: 25/25 MP: 1/1
   141 | D:1      | Reached skill level 4 in Long Blades
   379 | D:2      | Reached XP level 3. HP: 31/31 MP: 2/2
   480 | D:2      | Reached XP level 4. HP: 28/38 MP: 3/3
   481 | D:2      | Found a burning altar of Makhleb.
   845 | D:3      | Found an opulent altar of Gozag.
   924 | D:3      | Found a basalt altar of Yredelemnul.
   987 | D:3      | Reached skill level 5 in Long Blades
  1033 | D:3      | Reached XP level 5. HP: 46/46 MP: 4/4
  1207 | D:3      | Found a snail-covered altar of Cheibriados.
  1245 | D:3      | Found an ancient bone altar of Kikubaaqudgha.
  1397 | D:3      | Found a deep blue altar of Sif Muna.
  1443 | D:3      | Found a white marble altar of Elyvilon.
  1443 | D:3      | Found an iron altar of Okawaru.
  1446 | D:3      | Became a worshipper of Warmaster Okawaru
  1645 | D:4      | Found a sparkling altar of Nemelex Xobeh.
  1856 | D:4      | Found a hide-covered altar of Uskayaw.
  1949 | D:4      | Noticed an ogre
  2079 | D:5      | Entered Level 5 of the Dungeon
  2347 | D:5      | Reached skill level 6 in Long Blades
  2347 | D:5      | Reached XP level 6. HP: 52/52 MP: 5/5
  2417 | D:5      | Identified a +0 rod of shadows (11/11) (You found it on level 5 of the Dungeon)
  2789 | D:6      | Found a sand-covered staircase.
  2794 | Ossuary  | Entered an ossuary
  2876 | Ossuary  | Reached * piety under Okawaru
  2893 | Ossuary  | Reached XP level 7. HP: 58/60 MP: 6/6
  2898 | Ossuary  | Reached skill level 5 in Dodging
  2946 | Ossuary  | Reached skill level 7 in Long Blades
  3040 | Ossuary  | Reached skill level 5 in Fighting
  3180 | D:6      | Noticed Edmund
  3191 | D:6      | Killed Edmund
  3202 | D:6      | Found a sacrificial altar of Ru.
  3220 | D:6      | Found a bloodstained altar of Trog.
  3232 | D:6      | Reached skill level 8 in Long Blades
  3261 | D:6      | Found Tuyly's Distillery.
  3305 | D:6      | Reached ** piety under Okawaru
  3305 | D:6      | Reached XP level 8. HP: 69/69 MP: 7/7
  3380 | D:6      | Noticed Sigmund
  3387 | D:6      | Killed Sigmund
  3396 | D:6      | Found Niom Ibb's Weapon Boutique.
  3592 | D:6      | Found Gunopeiq's Weapon Shop.
  3605 | D:6      | Found Kuhysuar's Armour Shop.
  3654 | D:6      | You fall through a shaft!
  3896 | D:6      | Noticed a kobold demonologist
  3901 | D:6      | Noticed a smoke demon
  3994 | D:7      | Found Sucw's Book Emporium.
  4119 | D:7      | Found a deep blue altar of Sif Muna.
  4133 | D:7      | Found a staircase to the Ecumenical Temple.
  4190 | D:7      | Reached skill level 9 in Long Blades
  4217 | D:8      | Reached skill level 5 in Armour
  4256 | D:8      | Noticed a hippogriff
  4266 | D:8      | Noticed a hippogriff
  4267 | D:8      | Killed a hippogriff
  4272 | D:8      | Reached *** piety under Okawaru
  4274 | D:8      | Killed a hippogriff
  4274 | D:8      | Reached skill level 10 in Long Blades
  4285 | D:8      | Reached XP level 9. HP: 54/75 MP: 8/8
  4319 | D:8      | Found a hazy altar of Hepliaklqana.
  4360 | D:8      | HP: 3/75 [orc priest/divine providence (13)]
  4752 | D:8      | Found Uteikeot's Book Shop.
  4992 | D:8      | Found a blossoming altar of Fedhas.
  5034 | D:8      | Found Cenusiu's Book Shop.
  5059 | D:8      | Found Lypanoq's General Store.
  5129 | D:8      | Reached **** piety under Okawaru
  5129 | D:8      | Reached skill level 11 in Long Blades
  5138 | D:8      | Found Keogiqud's Gadget Shop.
  5141 | D:8      | Found Demminu's Assorted Antiques.
  5413 | D:9      | Found a staircase to the Orcish Mines.
  5682 | D:9      | Reached skill level 12 in Long Blades
  5872 | D:10     | Entered Level 10 of the Dungeon
  5914 | D:10     | Reached XP level 10. HP: 74/82 MP: 9/9
  6412 | D:10     | Noticed a hill giant
  6426 | D:10     | Killed a hill giant
  6426 | D:10     | Reached ***** piety under Okawaru
  6426 | D:10     | Received a gift from Okawaru
  6598 | D:11     | Noticed a white ugly thing
  6614 | D:11     | Killed a white ugly thing
  6614 | D:11     | Reached skill level 13 in Long Blades
  6941 | D:11     | Reached XP level 11. HP: 38/88 MP: 10/10
  7452 | D:11     | Reached skill level 14 in Long Blades
  7971 | D:12     | Reached skill level 10 in Armour
  8037 | D:12     | Noticed a wizard
  8066 | D:12     | Noticed a hill giant
  8160 | Orc:1    | Entered Level 1 of the Orcish Mines
  8180 | Orc:1    | Reached skill level 10 in Dodging
  8403 | Orc:1    | Noticed an orc high priest
  8408 | Orc:1    | Noticed a sixfirhy
  8423 | Orc:1    | Slain by a sixfirhy

Vault maps used:
D:1:      mrwooster_arrival_statue_2
D:2:      makhleb_heckhound_becter, first_bread
D:3:      led_sif_pool, old_standard_altar, overflow_temple_1_default,
          gammafunk_temple_overflow_elements, marbit_many_paths,
          old_standard_altar
D:4:      lemuel_doored_altar, lemuel_round_altar, hangedman_decor_points
D:6:      trog_ov_bears_minmay, nicolae_ru_awakened_eye, serial_shops,
          kennysheep_mini, shop, shop_statue, shop, nicolae_shop_trees,
          nicolae_ossuary_entry_plus, uniq_sigmund, uniq_grinder, uniq_edmund
D:7:      basic_altar, serial_shops, shop
D:8:      kennysheep_little_box, basic_altar, serial_shops, shop, shop,
          shop_fountains, nicolae_shop_trees, shop_statue
D:9:      orc_0_dummy
D:10:     kennysheep_ambush_hall, the_bakery
D:11:     grunt_lair_entry_orc_guard_hut
D:12:     minmay_expanding_squares, nicolae_underground_beach, uniq_azrael
Orc:1:    basic_altar, mines2_lemuel
Ossuary:  minmay_ossuary_two_tombs

Skill      XL: |  1  2  3  4  5  6  7  8  9 10 11 |
---------------+----------------------------------+-----
Armour         | 1 2 3 4 6 7 9 10 | 10.3
Long Blades    | 4 5 6 8 10 12 13 14 | 14.7
Fighting       | 3 4 5 6 |  6.0
Dodging        | 4 5 6 8 9 10 | 10.1
Throwing       | |  2.0

Action                   |  1- 3 |  4- 6 |  7- 9 | 10-12 || total
-------------------------+-------+-------+-------+-------++-------
Melee: Long sword        |    53 |    53 |       |       ||   106
       Headbutt          |     4 |    36 |    83 |    77 ||   200
       Falchion          |       |   121 |   281 |   333 ||   735
Throw: Tomahawk          |       |     2 |     8 |    14 ||    24
       Throwing net      |       |       |       |     3 ||     3
Evoke: Wand              |       |       |       |     2 ||     2
  Use: Scroll            |       |    10 |     1 |    12 ||    23
       Potion            |       |       |     6 |     2 ||     8
  Eat: Chunk             |       |     6 |     5 |    22 ||    33
       Meat ration       |       |       |     1 |       ||     1
Armor: Leather armour    |    17 |     4 |       |       ||    21
       Chain mail        |       |    66 |    57 |       ||   123
       Plate armour      |       |       |    35 |   119 ||   154
Dodge: Dodged            |    40 |    84 |    93 |   120 ||   337
       Rpst.: Long sword |     9 |    12 |       |       ||    21
       Falchion          |       |    16 |    24 |    29 ||    69
